AoeStats
← Tetterson

MegaRandom

504805224Analyzed
4v4 RM · 27d ago on Sep 6, 2026· 44m 45s· 8 players
Game mode
Random Map
Map size
Large (8 player)
Population
200
Speed
Normal
Resources
Standard
Victory
Conquest
Starting age
Dark Age
Ending age
Imperial Age
RankedLock teamsTeams togetherTeam positionsShared explorationLock speedFull tech treeHidden civsTurbo modeCheats
Victory
Defeat
🇳🇴 Maya · Norway
1202
+13
🇳🇴 Wei · Norway
1136
+15
🇳🇴 Ethiopians · Norway
1092
+17
🇳🇴 Persians · Norway
1045
+19
🇧🇪 Japanese · Belgium
1151
-17
🇧🇪 Mongols · Belgium
1136
-17
🇦🇹 Byzantines · Austria
1099
-15
🇦🇹 Magyars · Austria
1099
-15
Tetterson
10:02 Loom
12:11 Feudal Age
13:29 Double-Bit Axe
16:52 Castle Age
19:25 Horse Collar
22:14 Bloodlines
24:06 Forging
24:01 Scale Barding Armor
24:17 Bloodlines
34:18 Imperial Age
34:28 Cavalier
35:08 Husbandry
34:38 Pikeman
36:55 Ballistics
37:35 Chemistry
36:34 Murder Holes
41:24 Wheelbarrow
40:34 Town Watch
41:17 Savar
cnu
10:46 Feudal Age
11:24 Loom
11:34 Double-Bit Axe
13:42 Horse Collar
15:49 Fletching
16:00 Padded Archer Armor
25:19 Castle Age
23:27 Gold Mining
25:24 Crossbowman
26:11 Thumb Ring
26:05 Bodkin Arrow
26:25 Leather Archer Armor
29:29 Wheelbarrow
28:40 Town Watch
29:07 Bow Saw
30:54 Gold Shaft Mining
33:50 Ballistics
39:38 Imperial Age
40:07 Arbalester
44:25 Stone Mining
46:21 Chemistry
45:33 Masonry
45:28 Siege Engineers
PeaceRich
8:56 Loom
11:35 Feudal Age
12:59 Double-Bit Axe
18:05 Castle Age
16:59 Scale Barding Armor
16:54 Horse Collar
17:57 Stone Mining
21:02 Forging
22:21 Chain Barding Armor
23:53 Husbandry
24:45 Bloodlines
27:14 Bow Saw
27:46 Iron Casting
29:27 Fletching
33:05 Imperial Age
30:56 Gold Mining
33:03 Wheelbarrow
32:15 Town Watch
34:48 Blast Furnace
37:42 Heavy Plow
39:11 Elite Tiger Cavalry
42:45 Crop Rotation
43:59 Bodkin Arrow
Not enough wood, Milord
0:27 Loom
10:40 Feudal Age
12:40 Double-Bit Axe
14:53 Fletching
15:04 Scale Mail Armor
15:37 Forging
25:45 Castle Age
23:42 Horse Collar
36:01 Crossbowman
39:29 Wheelbarrow
39:22 Bodkin Arrow
39:27 Padded Archer Armor
40:16 Thumb Ring
43:45 Imperial Age
42:01 Ballistics
43:11 Leather Archer Armor
43:24 Hand Cart
44:09 Arbalester
44:51 Bracer
45:21 Ring Archer Armor
JimP
8:44 Loom
10:38 Feudal Age
12:44 Double-Bit Axe
15:55 Fletching
16:47 Town Watch
20:20 Padded Archer Armor
32:03 Castle Age
31:51 Scale Mail Armor
32:48 Forging
32:04 Pikeman
33:05 Bow Saw
32:54 Elite Skirmisher
35:35 Bodkin Arrow
37:30 Leather Archer Armor
41:02 Horse Collar
Neoptalames
8:04 Loom
11:05 Feudal Age
16:55 Castle Age
15:29 Double-Bit Axe
15:26 Horse Collar
20:32 Scale Barding Armor
25:11 Chain Barding Armor
25:31 Bloodlines
26:44 Forging
28:00 Light Cavalry
33:38 Husbandry
35:37 Iron Casting
35:17 Fletching
35:37 Padded Archer Armor
36:19 Thumb Ring
37:07 Bodkin Arrow
39:30 Wheelbarrow
43:42 Gold Mining
44:28 Leather Archer Armor
46:59 Imperial Age
NaN
11:05 Feudal Age
13:52 Fletching
14:52 Padded Archer Armor
17:07 Double-Bit Axe
17:23 Loom
24:39 Castle Age
27:02 Bodkin Arrow
28:50 Bow Saw
30:42 Scale Barding Armor
31:33 Horse Collar
35:12 Pikeman
35:53 Squires
39:37 Imperial Age
39:15 Scale Mail Armor
39:26 Forging
41:29 Chain Barding Armor
41:55 Cavalier
43:41 Chain Mail Armor
44:01 Iron Casting
joker
10:30 Feudal Age
12:19 Double-Bit Axe
12:48 Horse Collar
19:35 Castle Age
21:15 Scale Barding Armor
26:47 Gold Mining
28:41 Corvinian Army
29:52 Wheelbarrow
33:15 Loom
33:46 Hand Cart
42:48 Imperial Age
40:44 Pikeman
42:10 Chain Barding Armor
41:51 Scale Mail Armor
42:51 Elite Magyar Huszar
Connection lost

Rejoining the realm…

Still unreachable

The connection could not be restored.

Session expired

The server has moved on; the page needs a fresh start.